 Dungeon Crawl Stone Soup version 0.24.0-10-g970556be89 (webtiles) character file.

Game seed: 17355880669425961623, levelgen mode: deterministic

22568 Arixos the Fighter (level 12, -17/97 HPs)
             Began as a Demonspawn Monk on Nov 4, 2019.
             Was the Champion of Nemelex Xobeh.
             Demolished by a reaper
             ... wielding a +2 scythe of slicing
              (38 damage)
             ... in a Gauntlet.
             The game lasted 01:01:16 (14500 turns).

Arixos the Fighter (Demonspawn Monk)               Turns: 14500, Time: 01:01:16

Health: -17/97     AC: 13    Str: 19    XL:     12   Next: 64%
Magic:  11/19      EV: 14    Int: 11    God:    Nemelex Xobeh [******]
Gold:   738        SH: 14    Dex: 16    Spells: 11/11 levels left

rFire    + . .     SeeInvis +   f - +8 spear of Vanity {pierce, +Rage rElec Str+2}
rCold    + + .     Gourm    .   v - +1 buckler
rNeg     . . .     Faith    .   D - +0 plate armour
rPois    +         Spirit   .   (helmet unavailable)
rElec    +         Reflect  +   F - scarf {rC+ rF+}
rCorr    .         Harm     .   o - +2 pair of gloves
MR       +....     NoTele   +   q - +0 pair of boots
Stlth    ..........             L - brooch of Shielding {Reflect SH+8}
HPRegen  0.26/turn              i - ring of poison resistance
MPRegen  0.16/turn              A - ring of protection from magic

@: no status effects
A: antennae 3, repulsion field 2, cold resistance 1, deformed body, spiny 1,
freezing cloud immunity, subdued magic 1
a: Draw Escape, Draw Destruction, Draw Summoning, Triple Draw, Deal Four, Stack
Five, Renounce Religion, Evoke Berserk Rage


You were in a Gauntlet.
You worshipped Nemelex Xobeh.
Nemelex Xobeh was exalted by your worship.
You were not hungry.

You visited 3 branches of the dungeon, and saw 15 of its levels.
You also visited: Gauntlet.

You collected 738 gold pieces.

Inventory:

Hand Weapons
 f - the +8 spear of Vanity (weapon) {pierce, +Rage rElec Str+2}
   (You found it on level 8 of the Dungeon)

   It inflicts extra damage upon your enemies.
   It affects your strength (+2).
   It insulates you from electricity.
   It lets you go berserk.
 C - a +2 short sword of venom
Missiles
 J - 16 poisoned darts (quivered)
 K - 7 atropa-tipped darts
Armour
 o - a +2 pair of gloves (worn)
 q - a +0 pair of boots (worn)
 v - a +1 buckler (worn)
 D - a +0 plate armour (worn)
 E - a +0 cloak of magic resistance
 F - a scarf of resistance (worn)
Jewellery
 i - a ring of poison resistance (left hand)
 A - a ring of protection from magic (right hand)
 L - the brooch of Shielding (around neck) {Reflect SH+8}
   (You found it in a Gauntlet)

   [amulet of reflection]

   It shields you and reflects attacks.
   It affects your SH (+8).
Wands
 h - a wand of acid (6)
 B - a wand of random effects (23)
Scrolls
 g - 8 scrolls of teleportation
 j - 6 scrolls of identify
 k - a scroll of fear
 l - a scroll of fog {unknown}
 m - 3 scrolls of magic mapping
 n - 6 scrolls of remove curse
 p - 5 scrolls of enchant armour
 s - 2 scrolls of blinking {unknown}
 y - 2 scrolls of amnesia {unknown}
 I - a scroll of torment {unknown}
Potions
 a - 3 potions of brilliance {unknown}
 c - 4 potions of lignification
 d - 7 potions of mutation
 e - 2 potions of curing {unknown}
 r - a potion of flight {unknown}
 t - 2 potions of degeneration {unknown}
 u - 3 potions of agility
 w - 2 potions of cancellation {unknown}
 x - 2 potions of magic {unknown}
 z - 3 potions of invisibility
 G - 2 potions of might {unknown}
 H - 2 potions of heal wounds {unknown}
Comestibles
 b - 30 rations


   Skills:
 + Level 10.1 Fighting
 - Level 3.9 Short Blades
 + Level 7.5 Polearms
 + Level 8.7 Armour
 + Level 9.2 Dodging
 - Level 4.7 Stealth
 - Level 4.0 Shields
 - Level 2.6 Unarmed Combat
 - Level 10.0 Invocations


You had 11 spell levels left.
You didn't know any spells.
Your spell library was empty.

Dungeon Overview and Level Annotations

Branches:
Dungeon (11/15)            Temple (1/1) D:6            Lair (3/6) D:11
    Orc (0/2) D:9         Gauntlet (1/1)
  Swamp: Lair:2-4    Shoals: Lair:2-4     Snake: Lair:2-4    Spider: Lair:2-4

Altars:
Ashenzari
Cheibriados
Dithmenos
Elyvilon
Fedhas
Gozag
Hepliaklqana
Kikubaaqudgha
Makhleb
Nemelex Xobeh
Okawaru
Qazlal
Ru
Sif Muna
Trog
Uskayaw
Vehumet
Wu Jian
Xom
Yredelemnul
Zin
The Shining One

Shops:
D:7 %   D:9 *

Annotations:
D:4 1 runed translucent door, duckybubbers's ghost, amateur NaVM
D:5 Menkaure
D:10 3 runed translucent doors, AlterAsc's ghost, journeyman TeGl
Lair:2 exclusion: oklob plant Gauntlet 7 transporters


Innate Abilities, Weirdness & Mutations

You have a pair of large antennae on your head. (SInv)
You are surrounded by a moderate repulsion field. (EV +3)
Your flesh is cold resistant. (rC+)
You are partially covered in sharp spines.
You are immune to freezing clouds.
Armour fits poorly on your strangely shaped body.
Your spells are a little easier to cast, but a little less powerful.


Message History

The floor.
You draw a card...
You have drawn the Orb.
Press: ? - help, Shift-Dir - straight line, f - reaper
Aim: a reaper, wielding a +2 scythe of slicing Your orb of destruction hits a stone wall. x3
The wavering orb of destruction hits the reaper!!!
The reaper is heavily wounded.
The reaper hits you from afar with a +2 scythe of slicing!!
Your orb of destruction hits a translucent stone wall.
You tear a large gash into the net.
You deal a card...
You have dealt the Pentagram.
You deal a card...
You have dealt the Rangers.
You deal a card...
You have dealt the Dance.
You see a puff of smoke.
You deal a card...
You have dealt the Rangers.
The reaper hits you from afar with a +2 scythe of slicing!!
* * * LOW HITPOINT WARNING * * *
You rip the net and break free!
Your centaur misses the reaper.
The reaper hits you from afar with a +2 scythe of slicing!!!
You die...
Your body disappears without a glow.

###..###########...########
#.....#.©.#....≈....#.©.#
###...8.#...#...≈8≈...#...#
#8#.....#.©.#....≈....#.©.#
###..###########...########
#..#.........#...#2......
###..#^##...##^#...#.^##.##
#8#..#.#.###.#.#...#.##.^.#
###..#..##@##..#...#.#.....
#..#..c3cc2..#...#....©..
###..#.^##R##..#...#.#.....
#8#..#.#.###.#.#...#.##^^^#
###..#.##...##^#...#.^##.##
#..#..!)©."..#...#..).©=!
###..###########.§.########
#8#§.......................
###≈............≈∩≈........


You could see a reaper, a friendly rakshasa, a friendly sixfirhy and 3 friendly
centaurs.

Vanquished Creatures
  A great orb of eyes (Gauntlet)
  2 hydras (Lair:1)
  2 two-headed ogres (D:9)
  An unseen horror (D:9)
  A shining eye (Gauntlet)
  4 ugly things
  A black mamba (Lair:2)
  Psyche (D:11)
  A gargoyle (D:10)
  3 spiny frogs
  3 komodo dragons
  2 trolls (D:11)
  4 blink frogs (Lair:2)
  A hippogriff (Lair:2)
  24 yaks
  A basilisk (D:11)
  4 hogs (D:9)
  A human (D:9)
  A wyvern (D:9)
  2 hungry ghosts
  3 steam dragons
  7 water moccasins
  2 floating eyes (Gauntlet)
  7 porcupines
  3 orc warriors
  A black bear (D:8)
  A phantom (D:8)
  2 ice beasts
  A sky beast (D:10)
  7 wolves
  4 centaurs
  3 ogres
  4 crocodiles
  12 bullfrogs
  3 scorpions
  2 wyvern skeletons
  13 killer bees
  3 wights (D:8)
  3 howler monkeys (D:11)
  2 crimson imps
  A bullfrog zombie (D:11)
  5 hounds (Lair:1)
  A quasit (D:7)
  A centaur zombie (D:11)
  9 orc priests
  3 jellies
  12 orc wizards
  3 bullfrog skeletons
  A centaur skeleton (D:5)
  2 iguanas
  10 worker ants
  A worker ant zombie (D:9)
  11 adders
  10 gnolls
  A howler monkey skeleton (D:11)
  5 shadow imps
  An ooze (D:2)
  3 adder skeletons
  An adder zombie (D:6)
  3 worms
  3 dart slugs
  6 leopard geckos
  52 orcs
  A ball python (D:7)
  6 bats
  7 giant cockroaches
  11 goblins
  3 hobgoblins
  6 jackals
  2 quokkas
  3 frilled lizards
  8 kobolds
  9 rats
344 creatures vanquished.

Vanquished Creatures (collateral kills)
  A deep elf mage (D:9)
  2 yaks (D:10)
  A sky beast (D:8)
  6 killer bees (D:8)
  2 wights (D:8)
  A hound (D:8)
13 creatures vanquished.

Vanquished Creatures (others)
  A ball lightning (D:11)
  A giant cockroach (D:7)
  A frilled lizard (D:7)
  2 rats (D:8)
  3 fungi (D:10)
8 creatures vanquished.

Grand Total: 365 creatures vanquished

Notes
Turn   | Place    | Note
-------+----------+-------------------------------------------
     0 | D:1      | Arixos the Demonspawn Monk began the quest for the Orb.
     0 | D:1      | Reached XP level 1. HP: 18/18 MP: 1/1
    52 | D:1      | Gained mutation: You have a pair of small antennae on your
                  | head. [demonic ancestry]
    52 | D:1      | Reached XP level 2. HP: 10/24 MP: 2/2
   318 | D:1      | Reached skill level 1 in Armour
   775 | D:1      | Gained mutation: You are partially covered in sharp spines.
                  | [demonic ancestry]
   775 | D:1      | Reached XP level 3. HP: 29/29 MP: 3/3
   963 | D:2      | Found a faded altar of an unknown god.
   973 | D:2      | Became a worshipper of Nemelex Xobeh the Trickster
   973 | D:2      | Received a gift from Nemelex Xobeh
   973 | D:2      | Reached * piety under Nemelex Xobeh
   973 | D:2      | Received a gift from Nemelex Xobeh
   973 | D:2      | Received a gift from Nemelex Xobeh
   973 | D:2      | Reached ** piety under Nemelex Xobeh
   973 | D:2      | Received a gift from Nemelex Xobeh
  1107 | D:2      | Reached *** piety under Nemelex Xobeh
  1107 | D:2      | Received a gift from Nemelex Xobeh
  1426 | D:2      | Reached skill level 1 in Invocations
  1794 | D:3      | Gained mutation: You have a pair of antennae on your head.
                  | [demonic ancestry]
  1794 | D:3      | Reached XP level 4. HP: 31/36 MP: 5/5
  1864 | D:3      | Found a stormy altar of Qazlal.
  2122 | D:3      | Reached skill level 1 in Short Blades
  2122 | D:3      | Reached XP level 5. HP: 8/42 MP: 5/7
  2719 | D:3      | Found a shimmering blue altar of Sif Muna.
  2871 | D:4      | Received a gift from Nemelex Xobeh
  3245 | D:4      | Reached **** piety under Nemelex Xobeh
  3284 | D:4      | Found an iron altar of Okawaru.
  3297 | D:4      | Received a gift from Nemelex Xobeh
  3359 | D:4      | Found a runed translucent door.
  3360 | D:4      | Noticed duckybubbers's ghost (amateur NaVM)
  3778 | D:5      | Entered Level 5 of the Dungeon
  3784 | D:5      | Gained mutation: Your flesh is cold resistant. (rC+)
                  | [demonic ancestry]
  3784 | D:5      | Reached XP level 6. HP: 46/48 MP: 8/8
  3872 | D:5      | You fall into a shaft and drop 1 floor!
  3872 | D:6      | Found a staircase to the Ecumenical Temple.
  3883 | Temple   | Entered the Ecumenical Temple
  4515 | D:6      | Noticed an ice beast
  4684 | D:5      | Found a shadowy altar of Dithmenos.
  4744 | D:5      | Reached skill level 1 in Shields
  4891 | D:5      | Reached XP level 7. HP: 50/54 MP: 10/10
  4928 | D:5      | Noticed Menkaure
  4929 | D:5      | Identified the -1 quarterstaff "Spiderbane" {venom, rF+}
  5222 | D:6      | Reached skill level 5 in Invocations
  5359 | D:6      | Received a gift from Nemelex Xobeh
  5768 | D:6      | Found a glowing silver altar of Zin.
  5852 | D:7      | Noticed a steam dragon
  5852 | D:7      | a big kobold changed into a steam dragon
  5872 | D:7      | Killed a steam dragon
  5872 | D:7      | Gained mutation: You have a pair of large antennae on your
                  | head. (SInv) [demonic ancestry]
  5872 | D:7      | Reached XP level 8. HP: 22/61 MP: 12/12
  6289 | D:7      | Found Peuxty's Food Boutique.
  6394 | D:7      | Reached skill level 5 in Fighting
  6795 | D:7      | Received a gift from Nemelex Xobeh
  6958 | D:8      | Noticed a moth of wrath
  6961 | D:8      | Found a bloodstained altar of Trog.
  6964 | D:8      | Noticed a manticore
  6964 | D:8      | a moth of wrath changed into a manticore
  7087 | D:8      | Reached XP level 9. HP: 63/68 MP: 14/14
  7107 | D:8      | Found a basalt altar of Yredelemnul.
  7450 | D:8      | Reached skill level 5 in Dodging
  7537 | D:8      | Received a gift from Nemelex Xobeh
  7670 | D:8      | Reached ***** piety under Nemelex Xobeh
  8208 | D:8      | Got a transparent spear
  8209 | D:8      | Identified the +8 spear of Vanity {pierce, +Rage rElec
                  | Str+2} (You found it on level 8 of the Dungeon)
  8316 | D:8      | Found an ornate altar of the Wu Jian Council.
  8316 | D:8      | Found an iron altar of Okawaru.
  8318 | D:8      | Found a radiant altar of Vehumet.
  8319 | D:8      | Found a hide-covered altar of Uskayaw.
  8729 | D:9      | Reached skill level 1 in Polearms
  8785 | D:9      | Found a staircase to the Orcish Mines.
  8847 | D:9      | Noticed a two-headed ogre
  8848 | D:9      | Killed a two-headed ogre
  8848 | D:9      | Gained mutation: You are surrounded by a mild repulsion
                  | field. (EV +2) [demonic ancestry]
  8848 | D:9      | Reached XP level 10. HP: 76/76 MP: 15/17
  8857 | D:9      | Received a gift from Nemelex Xobeh
  8873 | D:9      | Found Iledwith's General Store.
  8982 | D:9      | Noticed Grum
  9010 | D:9      | Noticed Grum
  9010 | D:9      | Grum changed into Grum the worker ant
  9011 | D:9      | Killed Grum the worker ant
  9094 | D:9      | Noticed a deep elf mage
  9099 | D:9      | Killed a deep elf mage
  9199 | D:9      | Noticed a two-headed ogre
  9207 | D:9      | Killed a two-headed ogre
  9207 | D:9      | Reached skill level 10 in Invocations
  9258 | D:9      | Reached skill level 5 in Armour
  9493 | D:9      | Noticed an unseen horror
  9505 | D:9      | Killed an unseen horror
  9650 | D:10     | Entered Level 10 of the Dungeon
  9690 | D:10     | Received a gift from Nemelex Xobeh
  9943 | D:10     | Noticed a gargoyle
  9973 | D:10     | Gained mutation: You are immune to freezing clouds.
                  | [demonic ancestry]
  9973 | D:10     | Reached XP level 11. HP: 56/84 MP: 18/18
 10150 | D:10     | Noticed a cyan ugly thing
 10160 | D:10     | Killed a cyan ugly thing
 10419 | D:10     | Reached skill level 5 in Polearms
 10709 | D:10     | Found a runed translucent gate.
 10709 | D:10     | Found a runed translucent gate.
 10709 | D:10     | Found a runed translucent gate.
 10709 | D:10     | Noticed AlterAsc's ghost (journeyman TeGl)
 10709 | D:10     | Identified the +6 dagger of Jaanaof {venom, -Tele +Rage
                  | rPois rF-}
 10776 | D:11     | Received a gift from Nemelex Xobeh
 10784 | D:11     | Noticed a brown ugly thing
 10806 | D:11     | Killed a brown ugly thing
 11022 | D:11     | Noticed Psyche
 11031 | D:11     | Killed Psyche
 11686 | D:11     | Found a staircase to the Lair.
 12023 | Lair:1   | Entered Level 1 of the Lair of Beasts
 12040 | Lair:1   | Received a gift from Nemelex Xobeh
 12145 | Lair:1   | Noticed a four-headed hydra
 12164 | Lair:1   | Killed a four-headed hydra
 12693 | Lair:1   | Noticed a seven-headed hydra
 12704 | Lair:1   | Killed a seven-headed hydra
 12704 | Lair:1   | Gained mutation: You are surrounded by a moderate repulsion
                  | field. (EV +3) [demonic ancestry]
 12704 | Lair:1   | Reached XP level 12. HP: 53/95 MP: 19/19
 13234 | Lair:1   | Received a gift from Nemelex Xobeh
 13843 | Lair:2   | Reached ****** piety under Nemelex Xobeh
 13986 | Lair:2   | Received a gift from Nemelex Xobeh
 14144 | Lair:3   | Found a gate leading to a gauntlet.
 14154 | Gauntlet | Entered a Gauntlet
 14154 | Gauntlet | Found a transporter.
 14154 | Gauntlet | Found a transporter.
 14155 | Gauntlet | Found a transporter.
 14158 | Gauntlet | Found a transporter.
 14158 | Gauntlet | Found a transporter.
 14163 | Gauntlet | Noticed a catoblepas
 14166 | Gauntlet | Noticed a reaper
 14168 | Gauntlet | Found a transporter.
 14172 | Gauntlet | Found a transporter.
 14181 | Gauntlet | Noticed a blizzard demon
 14182 | Gauntlet | Found a transporter.
 14184 | Gauntlet | Noticed a reaper
 14235 | Gauntlet | Received a gift from Nemelex Xobeh
 14270 | Gauntlet | Found a transporter.
 14283 | Gauntlet | Noticed a great orb of eyes
 14284 | Gauntlet | Found a transporter.
 14285 | Gauntlet | Found the brooch of Shielding {Reflect SH+8}
 14288 | Gauntlet | Found a transporter.
 14298 | Gauntlet | Found a transporter.
 14380 | Gauntlet | Gained mutation: Armour fits poorly on your strangely
                  | shaped body. [a shining eye]
 14384 | Gauntlet | Gained mutation: Your spells are a little easier to cast,
                  | but a little less powerful. [a shining eye]
 14465 | Gauntlet | Killed a great orb of eyes
 14465 | Gauntlet | Reached skill level 10 in Fighting
 14500 | Gauntlet | Demolished by a reaper

Levels and vault maps discovered:
D:1:      psy_arrival_spokes, layout_loops_cross
D:2:      layout_loops_cross, chequers_ecumenical_altar_simple_redux
D:3:      layout_basic, nicolae_overflow_crystal_walls, lemuel_doored_altar
D:4:      layout_basic, ebering_ghost_reflecting_pool, okawaru_metal_pillars_3
D:5:      layout_loops_cross, lemuel_round_altar, first_ration, uniq_menkaure,
          uniq_prince_ribbit1, uniq_ijyb
D:6:      layout_cave_pools, marbit_many_paths, minmay_temple_entry_junction,
          hex_large
D:7:      layout_rooms, serial_shops, shop
D:8:      layout_loops_corners, tgw_trog, minitemple
D:9:      layout_roguey, hiddenorc2_lemuel, serial_shops,
          nicolae_shop_window_shopping, grunt_livestock, kb_rosetta, uniq_grum
D:10:     layout_loops_ring, gammafunk_ghost_nasty_kobolds
D:11:     layout_cave_pods, lair_entry_dummy, st_stairs_11, uniq_psyche
Temple:   minmay_temple_forest_path
Lair:1:   beast_lair_carwin_large_3, layout_layer_cave,
          cheibrodos_lair_caveside_slide, grunt_forest_small_clearings
Lair:2:   layout_misc_corridors, beast_lair_carwin_4, minmay_lair_oklob_chamber
Lair:3:   layout_misc_corridors, gauntlet_entry_generic,
          hangedman_lair_unloving_vines, st_stairs_11, beast_lair_carwin_10
Gauntlet: gammafunk_gauntlet_hard_choice [nicolae_gauntlet_swirl,
          gammafunk_gauntlet_arena_spirals, nicolae_gauntlet_arena_x,
          gammafunk_gauntlet_arena_open, gammafunk_gauntlet_arena_split_diamond,
          gammafunk_gauntlet_arena_corners, gauntlet_exit_hidden_loot]

Skill      XL: |  1  2  3  4  5  6  7  8  9 10 11 12 |
---------------+-------------------------------------+-----
Dodging        | 3 4 5 6 8 9 |  9.2
Armour         | 1 2 3 4 6 7 8 |  8.7
Invocations    | 1 2 3 4 5 7 9 10 | 10.0
Stealth        | 2 3 4 |  4.7
Short Blades   | 1 2 3 |  3.9
Fighting       | 4 5 6 7 9 10 | 10.1
Shields        | 1 2 4 |  4.0
Polearms       | 1 4 6 7 |  7.5
Unarmed Combat | |  2.6

Action                   |  1- 3 |  4- 6 |  7- 9 | 10-12 || total
-------------------------+-------+-------+-------+-------++-------
Melee: Unarmed           |    58 |       |       |       ||    58
       Short sword       |    95 |   143 |   340 |       ||   578
       Punch             |       |     1 |       |       ||     1
       Spear             |       |       |    68 |   612 ||   680
Invok: Triple Draw       |       |     1 |     1 |       ||     2
       Deal Four         |       |       |       |     1 ||     1
 Abil: Draw Destruction  |       |     5 |    15 |    12 ||    32
       Draw Escape       |       |     3 |     3 |       ||     6
       Draw Summoning    |       |       |     2 |     2 ||     4
Evoke: Wand              |       |       |       |     2 ||     2
  Use: Scroll            |       |       |     5 |     3 ||     8
 Stab: Sleeping          |     8 |     1 |     5 |       ||    14
  Eat: Chunk             |     2 |    11 |     9 |    21 ||    43
       Ration            |       |       |     1 |       ||     1
Armor: Robe              |     9 |       |       |       ||     9
       Ring mail         |    29 |    39 |   116 |       ||   184
       Plate armour      |       |       |       |   194 ||   194
Dodge: Dodged            |    86 |    72 |   166 |   170 ||   494
Block: Buckler           |       |     9 |    93 |   118 ||   220
